 Dungeon Crawl Stone Soup version 0.30-a0-760-g5a9884bb7c (webtiles) character file.

Game seed: 16612733834137784827

105 kingofthe the Conjurer (level 4, -4/27 HPs)
             Began as an Octopode Conjurer on Feb 11, 2023.
             Killed from afar by Ijyb (11 damage)
             ... with a puff of flame
             ... on level 3 of the Dungeon.
             The game lasted 00:09:04 (3315 turns).

kingofthe the Conjurer (Octopode Conjurer)          Turns: 3315, Time: 00:09:05

Health: -4/27      AC:  1    Str:  6    XL:     4   Next: 83%
Magic:  0/8        EV: 13    Int: 20    God:
Gold:   159        SH:  0    Dex: 12    Spells: 3/9 levels left

rFire   . . .      SeeInvis .    (no weapon)
rCold   . . .      Faith    .    (no shield)
rNeg    . . .      Spirit   .    (helmet restricted)
rPois   .          Reflect  .    (no amulet)
rElec   .          Harm     .    (no ring)
rCorr   .          Rampage  .    (no ring)
Will    .....                    (no ring)
Stlth   +++                      (no ring)
HPRegen 0.24/turn                (no ring)
MPRegen 0.11/turn                (no ring)
                                 (no ring)
                                 (no ring)

@: no status effects
A: almost no armour, amphibious, 8 rings, camouflage 1, gelatinous body 1,
(nimble swimmer 1), tentacles
a: no special abilities


You were on level 3 of the Dungeon.
You visited 1 branch of the dungeon, and saw 3 of its levels.
You also visited: Sewer.

You collected 159 gold pieces.

Inventory:

Hand Weapons
 j - a +0 sling of draining
Missiles
 h - a throwing net
Wands
 e - a wand of light (11)
Scrolls
 b - 6 scrolls of identify {unknown}
 c - a scroll of fear {unknown}
 d - a scroll of amnesia {unknown}
 f - 3 scrolls of teleportation {unknown}
 g - a scroll of enchant armour {unknown}
 k - 2 scrolls of vulnerability {unknown}
 m - a scroll of immolation {unknown}
 r - a scroll of enchant weapon {unknown}
Potions
 a - a potion of magic
 i - a potion of curing {unknown}
 l - 4 potions of heal wounds {unknown}
 n - 3 potions of haste {unknown}
 o - 4 potions of brilliance {unknown}
 p - a potion of resistance {unknown}
 q - a potion of mutation {unknown}


   Skills:
 * Level 2.8 Dodging
 + Level 3.9 Stealth
 * Level 3.2 Spellcasting
 + Level 4.4 Conjurations


You had 3 spell levels left.
You knew the following spells:

 Your Spells              Type           Power      Damage    Failure   Level
a - Magic Dart            Conj           80%        1d7       2%          1
b - Searing Ray           Conj           40%        2d5       3%          2
c - Dazzling Flash        Conj/Hex       24%        N/A       17%         3

Your spell library contained the following spells:

 Spells                   Type           Power      Damage    Failure   Level
 Fulminant Prism          Conj/Hex       6%         3d7       50%         4
 Iskenderun's Mystic Bla  Conj/Tloc      12%        2d5       50%         4


Dungeon Overview and Level Annotations

Branches:
Dungeon (3/15)              Sewer (visited)

Altars:

Annotations:
D:3 Ijyb


Innate Abilities, Weirdness & Mutations

You cannot wear most types of armour.
You are amphibious.
You can wear up to eight rings at the same time.
Your skin changes colour to match your surroundings (Stealth+).
Your rubbery body absorbs attacks. (AC +1, EV +1)
((You are camouflaged when in or above water. (Stealth+)))
You have tentacles for arms and can constrict up to eight enemies at once.


Message History

a +0 whip; an orc skeleton
Things that are here:
5 stones; a +0 falchion; an orc skeleton
Found 3 boomerangs.
A goblin comes into view. It is wielding a +0 club.
The magic dart hits the goblin!
You kill the goblin!
n - 3 lumpy brown potions (gained 1)
There is a stone staircase leading down here.
Found a stone staircase leading down.
Ijyb the Twisted Goblin comes into view.
She is wielding a +2 dagger of speed and carrying a wand of flame (20).
Casting: Magic Dart (safe; 2% risk of failure)
Confirm with . or Enter, or press ? or * to list all spells.
Aiming: Searing Ray (safe; 3% risk of failure)
Press: ? - help, Shift-Dir - straight line, f - Ijyb
Aim: Ijyb, wielding a +2 dagger of speed, wearing a +0 ring mail and carrying a wand of flame (20) (asleep, 100% to hit)
The searing ray hits Ijyb but does no damage. (Press . to maintain the ray.)
The searing ray misses Ijyb.
Ijyb zaps a wand.
The puff of flame hits you!
The searing ray hits Ijyb!
Ijyb is moderately wounded.
Ijyb misses you.
The searing ray misses Ijyb.
You finish channelling your searing ray.
Ijyb hits you with a +2 dagger of speed.
Casting: Searing Ray (safe; 3% risk of failure)
Confirm with . or Enter, or press ? or * to list all spells.
Aiming: Searing Ray (safe; 3% risk of failure)
Press: ? - help, Shift-Dir - straight line, f/p - Ijyb
Aim: Ijyb, wielding a +2 dagger of speed, wearing a +0 ring mail and carrying a wand of flame (19) (moderately wounded, 75% to hit)
The searing ray hits Ijyb but does no damage.
Ijyb is moderately wounded. (Press . to maintain the ray.) Ijyb hits you with a +2 dagger of speed.
Ijyb zaps a wand.
The puff of flame hits you!
* * * LOW HITPOINT WARNING * * *
The searing ray hits Ijyb.
Ijyb is heavily wounded.
Ijyb zaps a wand.
The puff of flame hits you!
You die...

#....##########
#.#...........#
#....##...#.#.# #
##.#.##...#.#.# #
######.#.##...#.#.# #
#......#.##...#.#.###
#.######.##...#......
#.##.g...##..........
#.##@# ##.....###.###
####.##.####.##..†...# #
..##.##...........#### #
###.##.##.####.####.# #
>..........<....####.## #
#######.##.##............#
#...###.##.###.########<.#
#.................#
#..#####
#...###.#########.#
##...<...


You could see Ijyb.

Vanquished Creatures
  2 adders (D:2)
  A worm (D:2)
  4 orcs (D:3)
  4 ball pythons
  7 endoplasms
  4 giant cockroaches
  8 goblins
  2 hobgoblins (D:1)
  4 jackals
  5 quokkas
  9 bats
  4 frilled lizards
  17 kobolds
  4 rats
75 creatures vanquished.

Vanquished Creatures (others)
  3 fungi (D:2)
  11 plants
14 creatures vanquished.

Grand Total: 89 creatures vanquished

Notes
Turn   | Place    | Note
-------+----------+-------------------------------------------
     0 | D:1      | kingofthe the Octopode Conjurer began the quest for the
                  | Orb.
     0 | D:1      | Reached XP level 1. HP: 11/11 MP: 3/3
   297 | D:1      | Reached XP level 2. HP: 17/17 MP: 0/5
   357 | D:1      | Learned a level 2 spell: Searing Ray
  1066 | D:2      | Reached XP level 3. HP: 21/21 MP: 2/6
  1196 | D:2      | Found a faded altar of an unknown god.
  1912 | D:2      | Reached XP level 4. HP: 27/27 MP: 5/8
  2449 | D:3      | Found a glowing drain.
  2463 | Sewer    | Entered a sewer
  2512 | Sewer    | Learned a level 3 spell: Dazzling Flash
  3309 | D:3      | Noticed Ijyb
  3315 | D:3      | Killed from afar by Ijyb

Illustrated notes

Levels and vault maps discovered:
D:1:      sevenhm_arrival_forest_fort_small_3, layout_loops_ring
D:2:      layout_basic, shapermc_ecumenical_altar_mp_ritualfount
D:3:      layout_loops_ring, portal_sewer_entry_f,
          gammafunk_ghost_nasty_kobolds, nicolae_kite_square_tiling_tiny,
          chequers_serial_rivers_small_a, uniq_ijyb

Skill      XL: |  1  2  3  4 |
---------------+-------------+-----
Stealth        | 3 |  3.9
Spellcasting   | 3 |  3.2
Dodging        | |  2.8
Conjurations   | |  4.4

Action                     |  1- 3 |  4- 6 || total
---------------------------+-------+-------++-------
  Melee: Unarmed           |    12 |     4 ||    16
         Tentacles         |     2 |     1 ||     3
         Constrict         |     2 |     1 ||     3
   Cast: Magic Dart        |    60 |    52 ||   112
         Searing Ray       |     2 |     6 ||     8
 Armour: Skin              |     2 |     1 ||     3
  Dodge: Dodged            |     8 |     8 ||    16

Table legend: (Time is in decaauts)
 A = Elapsed time spent in this place.
 B = Non-inter-level travel time spent in this place.
 C = Inter-level travel time spent in this place.
 D = Time resting spent in this place.
 E = Time spent auto-exploring this place.
 F = Levels seen in this place.
 G = Mean time per level.
                   A        B        C        D        E       F      G
               +--------+--------+--------+--------+--------+-----+--------+
         Total |   3315 |   3172 |    143 |    215 |   2519 |   4 |  828.8 |
       Dungeon |   2752 |   2609 |    143 |     71 |   2192 |   3 |  917.3 |
         Sewer |    562 |    562 |      0 |    144 |    327 |   1 |  562.0 |
               +--------+--------+--------+--------+--------+-----+--------+

Top non-repeatable levels by time:
     D:2: 1143 daAuts
     D:1: 1032 daAuts
     D:3: 576 daAuts
   Sewer: 562 daAuts
